 Dungeon Crawl Stone Soup version 0.23.1 (webtiles) character file.

Game seed: 3056903228753561820

39 nikopol the Firebug (level 3, -2/19 HPs)
             Began as a Deep Elf Fire Elementalist on Mar 2, 2019.
             Slain by Sigmund
             ... wielding a +0 scythe of freezing
              (9 damage)
             ... on level 2 of the Dungeon.
             The game lasted 00:02:35 (1144 turns).

nikopol the Firebug (Deep Elf Fire Elementalist)    Turns: 1144, Time: 00:02:36

Health: -2/19      AC:  2    Str:  5    XL:     3   Next: 26%
Magic:  5/10       EV: 13    Int: 20    God:
Gold:   46         SH:  0    Dex: 15    Spells: 3/9 levels left

rFire    . . .     SeeInvis .   (no weapon)
rCold    . . .     Gourm    .   (no shield)
rNeg     . . .     Faith    .   a - +0 robe
rPois    .         Spirit   .   (no helmet)
rElec    .         Reflect  .   (no cloak)
rCorr    .         Harm     .   (no gloves)
MR       .....                  (no boots)
Stlth    +.........             (no amulet)
HPRegen  0.06/turn              (no ring)
MPRegen  0.12/turn              (no ring)

@: confused
A: no striking features
a: no special abilities


You were on level 2 of the Dungeon.
You were hungry.

You visited 1 branch of the dungeon, and saw 2 of its levels.

You collected 46 gold pieces.

Inventory:

Armour
 a - a +0 robe (worn)
Scrolls
 d - a scroll of teleportation {unknown}
Potions
 b - a potion of curing {unknown}
 e - a potion of mutation {unknown}
 g - a potion of might {unknown}
Comestibles
 c - 2 rations
 f - 4 chunks of flesh


   Skills:
 + Level 2.7 Dodging
 + Level 2.5 Stealth
 + Level 3.6 Spellcasting
 + Level 1.4 Conjurations
 + Level 4.1 Fire Magic


You had 3 spell levels left.
You knew the following spells:

 Your Spells              Type           Power        Failure   Level  Hunger
a - Flame Tongue          Conj/Fire      ##...        4%          1    None
b - Throw Flame           Conj/Fire      ##....       6%          2    ##.....
c - Conjure Flame         Conj/Fire      ##......     13%         3    ###....

Your spell library contained the following spells:

 Spells                   Type           Power        Failure   Level  Hunger
 Inner Flame              Hex/Fire       ##......     17%         3    ###....
 Sticky Flame             Conj/Fire      ##......     38%         4    ####...
 Fireball                 Conj/Fire      ##........   75%         5    ######.


Dungeon Overview and Level Annotations

Branches:
Dungeon (2/15)

Altars:

Annotations:
D:2 Sigmund


Message History

Casting: Flame Tongue (safe; 4% risk of failure)
Confirm with . or Enter, or press ? or * to list all spells.
Aiming: Flame Tongue (safe; 4% risk of failure)
Press: ? - help, Shift-Dir - straight line
Casting: Flame Tongue (safe; 4% risk of failure)
Confirm with . or Enter, or press ? or * to list all spells.
Aiming: Flame Tongue (safe; 4% risk of failure)
Press: ? - help, Shift-Dir - straight line The flame tongue hits something!
You hear some strange, mumbled words.
You are confused.
You're too confused to cast spells.
Sorry, you're not good enough to have a special ability.
You bump into the rock wall.
Something hits you!
Ouch! That really hurt!
Something freezes you.
You bump into the rock wall.
Something hits you!
You die...

...................#####
##.#......###...........#
......)...###.#####.###.###
.#.......÷..# ##.#.....#
##.....###.####....#.#.#
#.###.# #...........#.#
#.##.###.###.####....#.#.####
#......![....##....#.........
#.##.###.###@##.######.######
#...#○#...#####.####
.....{..#..........#
####.###..(#####.##.# #.# #.
#)##.# #.# .# #.##.# # #
#....# ###..# #.##


There were no monsters in sight!

Vanquished Creatures
  2 oozes
  A leopard gecko (D:1)
  3 bats
  2 giant cockroaches
  5 goblins (D:1)
  4 hobgoblins
  2 jackals (D:1)
  2 kobolds
  3 frilled lizards
  2 rats
26 creatures vanquished.

Notes
Turn   | Place    | Note
-------+----------+-------------------------------------------
     0 | D:1      | nikopol the Deep Elf Fire Elementalist began the quest for
                  | the Orb.
     0 | D:1      | Reached XP level 1. HP: 10/10 MP: 6/6
   252 | D:1      | Reached XP level 2. HP: 5/15 MP: 0/8
   979 | D:2      | Reached XP level 3. HP: 19/19 MP: 6/10
   983 | D:2      | Learned a level 2 spell: Throw Flame
   987 | D:2      | Learned a level 3 spell: Conjure Flame
  1058 | D:2      | Reached skill level 4 in Fire Magic
  1103 | D:2      | Noticed Sigmund
  1144 | D:2      | Slain by Sigmund

Skill      XL: |  1  2  3 |
---------------+----------+-----
Fire Magic     | 4 |  4.1
Dodging        | |  2.7
Stealth        | |  2.5
Spellcasting   | |  3.6
Conjurations   | |  1.4

Action                   || total
-------------------------++-------
 Cast: Flame Tongue      ||    52
       Conjure Flame     ||     1
Dodge: Dodged            ||     5
